 Dungeon Crawl Stone Soup version 0.22.0 (webtiles) character file.

987 BigChef the Slasher (level 7, 0/55 HPs)
             Began as a Demonspawn Chaos Knight on Aug 25, 2018.
             Slain by a gnoll
             ... wielding a +0 flail
              (8 damage)
             ... on level 5 of the Dungeon.
             The game lasted 00:08:48 (3943 turns).

BigChef the Slasher (Demonspawn Chaos Knight)       Turns: 3943, Time: 00:08:49

Health: 0/55       AC:  7    Str: 17    XL:     7   Next: 97%
Magic:  7/7        EV: 13    Int: 13    God:    Xom [....*.]
Gold:   255        SH:  0    Dex: 15    Spells: 6/6 levels left

rFire    . . .     SeeInvis .   a - +1 falchion (chaos)
rCold    . . .     Gourm    .   (no shield)
rNeg     . . .     Faith    .   b - +2 leather armour
rPois    .         Spirit   .   (no helmet)
rElec    .         Reflect  .   (no cloak)
rCorr    .         Harm     .   (no gloves)
MR       .....                  (no boots)
Stlth    +++.......             r - amulet of magic regeneration
HPRegen  0.18/turn              s - +3 ring of strength
MPRegen  0.35/turn              (no ring)

@: no status effects
A: talons 1, yellow scales 1, agile 1, nightstalker 1, screaming 1
a: Renounce Religion


You were on level 5 of the Dungeon.
You worshipped Xom.
You were a beloved toy of Xom.
You were hungry.

You visited 1 branch of the dungeon, and saw 5 of its levels.

You collected 255 gold pieces.

Inventory:

Hand Weapons
 a - a +1 falchion of chaos (weapon)
Armour
 b - a +2 leather armour (worn)
Jewellery
 i - an uncursed amulet of harm {unknown}
 r - an amulet of magic regeneration (around neck)
 s - a +3 ring of strength (left hand)
Wands
 c - a wand of iceblast (5)
Scrolls
 e - 3 scrolls of remove curse
 h - 2 scrolls of teleportation
 o - a scroll of immolation {unknown}
 p - a scroll of magic mapping {unknown}
 t - 3 scrolls of enchant armour
Potions
 d - a potion of might
 f - 2 potions of agility
 k - 4 potions of curing
 n - a potion of brilliance
 q - 2 potions of degeneration
 u - a potion of haste
Comestibles
 g - 4 rations


   Skills:
 + Level 4.4 Fighting
 + Level 6.2 Long Blades
 + Level 3.3 Armour
 + Level 2.6 Dodging
 + Level 3.7 Stealth


You had 6 spell levels left.
You didn't know any spells.
Your spell library contained the following spells:

 Spells                   Type           Power        Failure   Level  Hunger
 Summon Demon             Summ           #.........   100%        5    ######.
 Recall                   Summ/Tloc      N/A          73%         3    ####...
 Shadow Creatures         Summ           N/A          100%        6    #######
 Aura of Abjuration       Summ           #.........   100%        5    ######.
 Summon Forest            Summ/Tloc      #.........   100%        5    ######.
 Summon Mana Viper        Hex/Summ       #.......     100%        5    ######.


Dungeon Overview and Level Annotations

Branches:
Dungeon (5/15)
 Temple: D:4-7

Altars:
Ashenzari
Fedhas
Okawaru
Vehumet
Yredelemnul


Innate Abilities, Weirdness & Mutations

You have sharp toenails.
You are partially covered in yellow scales. (AC +2)
You are slightly more attuned to the shadows.
You are agile. (Dex +2)
You occasionally shout uncontrollably at your foes.


Message History

The gnoll throws a stone.
The stone barely misses you.
The gnoll throws a stone.
The stone hits you but does no damage.
You see here a stone.
The gnoll throws a stone.
The stone barely misses you.
You see here a stone.
The gnoll throws a stone.
The stone closely misses you.
Things that are here:
a flail; a gnoll corpse The gnoll throws a stone.
The stone hits you.
You see here a stone.
The gnoll hits you but does no damage.
You barely miss the gnoll. You claw the gnoll, but do no damage.
The gnoll is severely wounded.
The gnoll hits you with a flail!
* * * LOW HITPOINT WARNING * * *
You hit the gnoll but do no damage.
The gnoll is severely wounded.
The gnoll hits you with a flail!
You die... "Boring in life, boring in death..."

...#..##.... ?...##...#
,,.# ########8...
[..8##...# , ,, , ##8#
#_## #(###* , ,
########.# , ,*
#.......(# * *
#.......(# , #......)(#
, * * * #.....(..### *,*
,* ######g@......#*,* *
#....#.........,, #
#.....)......... #. ,
#....))........., #..#
#.?%............,####..#
#.............$ ,#......
.....####.....,,,#......
##### ..... ,,#......
... ,, #......


You could see a gnoll.

Vanquished Creatures
  2 ogres
  A centaur (D:4)
  A scorpion (D:4)
  A howler monkey (D:5)
  A crimson imp (D:3)
  2 bullfrog zombies
  An orc priest (D:4)
  A gnoll shaman (D:4)
  2 orc wizards (D:4)
  A centaur skeleton (D:4)
  Jessica (D:3)
  8 worker ants
  5 gnolls
  5 adders
  3 adder skeletons
  3 worms
  3 dart slugs
  4 leopard geckos
  4 orcs
  2 giant cockroaches
  12 hobgoblins
  A quokka (D:4)
  12 bats
  5 frilled lizards
  7 goblins
  8 kobolds
  6 rats
102 creatures vanquished.

Vanquished Creatures (collateral kills)
  An orc (D:4)
1 creature vanquished.

Vanquished Creatures (others)
  2 iguanas
  An adder (D:4)
3 creatures vanquished.

Grand Total: 106 creatures vanquished

Notes
Turn   | Place    | Note
-------+----------+-------------------------------------------
     0 | D:1      | BigChef the Demonspawn Chaos Knight began the quest for the Orb.
     0 | D:1      | Reached XP level 1. HP: 18/18 MP: 1/1
    18 | D:1      | Reached skill level 3 in Long Blades
    43 | D:1      | XOM: divination: detect items
    50 | D:1      | Gained mutation: You are slightly more attuned to the shadows. [demonic ancestry]
    50 | D:1      | Reached XP level 2. HP: 24/24 MP: 2/2
   237 | D:1      | Gained mutation: You have sharp toenails. [demonic ancestry]
   237 | D:1      | Reached XP level 3. HP: 29/29 MP: 3/3
   312 | D:1      | You fall through a shaft!
   418 | D:2      | Reached skill level 1 in Stealth
   438 | D:2      | Reached skill level 1 in Dodging
   535 | D:2      | XOM: divination: detect creatures
   962 | D:1      | Gained mutation: You are partially covered in yellow scales. (AC +2) [demonic ancestry]
   962 | D:1      | Reached XP level 4. HP: 35/35 MP: 4/4
  1221 | D:3      | Noticed Jessica
  1231 | D:3      | Killed Jessica
  1325 | D:3      | Reached skill level 4 in Long Blades
  1325 | D:3      | Reached XP level 5. HP: 40/41 MP: 5/5
  1468 | D:3      | XOM: enchant monster (good)
  1819 | D:4      | XOM: 1-stop teleportation journey
  1894 | D:4      | XOM: mild Ice miscast
  1948 | D:4      | Reached XP level 6. HP: 15/48 MP: 6/6
  2242 | D:5      | Entered Level 5 of the Dungeon
  2254 | D:4      | XOM: enchant monster (good)
  2309 | D:4      | XOM: noise
  2342 | D:4      | Reached skill level 5 in Long Blades
  2406 | D:4      | Reached XP level 7. HP: 7/54 MP: 7/7
  2471 | D:4      | XOM: 1-stop teleportation journey
  2503 | D:4      | XOM: 1-stop teleportation journey
  2963 | D:4      | Found a shattered altar of Ashenzari.
  3058 | D:4      | Found a radiant altar of Vehumet.
  3133 | D:4      | Gained mutation: You occasionally shout uncontrollably at your foes. [potion of mutation]
  3133 | D:4      | Gained mutation: You are agile. (Dex +2) [potion of mutation]
  3190 | D:5      | XOM: butterfly on damage
  3192 | D:5      | XOM: noise
  3369 | D:4      | XOM: mild Ice miscast
  3464 | D:5      | XOM: divination: magic mapping
  3731 | D:5      | Found an iron altar of Okawaru.
  3781 | D:5      | Found an iron altar of Okawaru.
  3797 | D:5      | Reached skill level 6 in Long Blades
  3852 | D:5      | Found a basalt altar of Yredelemnul.
  3854 | D:5      | Found a blossoming altar of Fedhas.
  3876 | D:5      | XOM: enchant monster (good)
  3943 | D:5      | Slain by a gnoll

Skill      XL: |  1  2  3  4  5  6  7 |
---------------+----------------------+-----
Long Blades    | 3 4 5 6 |  6.2
Armour         | 2 3 |  3.3
Stealth        | 1 2 3 |  3.7
Dodging        | 1 2 |  2.6
Fighting       | 4 |  4.4

Action                   |  1- 3 |  4- 6 |  7- 9 || total
-------------------------+-------+-------+-------++-------
Melee: Falchion          |    85 |   111 |    93 ||   289
       Kick              |     7 |    32 |    36 ||    75
  Use: Potion            |       |     4 |     5 ||     9
       Scroll            |       |     1 |     9 ||    10
 Stab: Sleeping          |    14 |     4 |     3 ||    21
       Paralysed         |       |     4 |     1 ||     5
  Eat: Chunk             |       |     3 |     3 ||     6
       Ration            |       |     1 |       ||     1
Armor: Leather armour    |    29 |    54 |    17 ||   100
Dodge: Dodged            |    44 |    67 |    63 ||   174
       Rpst.: Falchion   |    15 |    22 |    14 ||    51
